 Dungeon Crawl Stone Soup version 0.28.0-62-gf88900778d (webtiles) character file.

Game seed: 169549535025366178

1 jjjjhere the Sneak (level 1, 0/14 HPs)
             Began as a Formicid Wanderer on Aug 18, 2023.
             Slain by a jackal (3 damage)
             ... on level 1 of the Dungeon.
             The game lasted 00:00:10 (32 turns).

jjjjhere the Sneak (Formicid Wanderer)                Turns: 32, Time: 00:00:10

Health: 0/14       AC:  3    Str: 16    XL:     1   Next: 22%
Magic:  0/2        EV: 11    Int: 10    God:
Gold:   7          SH:  0    Dex: 11    Spells: 1/2 levels left

rFire   . . .      SeeInvis +   a - +0 dagger
rCold   . . .      Faith    .   (no shield)
rNeg    . . .      Spirit   .   f - +0 leather armour
rPois   .          Reflect  .   (helmet unavailable)
rElec   .          Harm     .   (no cloak)
rCorr   .          Rampage  .   (no gloves)
Will    .....                   (no boots)
Stlth   ++........              (no amulet)
HPRegen 0.04/turn               (no ring)
MPRegen 0.08/turn               (no ring)

@: no status effects
A: permanent stasis, dig shafts and tunnels, antennae 3, four strong arms
a: Dig, Shaft Self


You were on level 1 of the Dungeon.
You visited 1 branch of the dungeon, and saw 1 of its levels.

You collected 7 gold pieces.

Inventory:

Hand Weapons
 a - a +0 dagger (weapon)
 e - a +0 dagger
Missiles
 b - an atropa-tipped dart (quivered)
 c - a datura-tipped dart
 d - 11 poisoned darts
Armour
 f - a +0 leather armour (worn)


   Skills:
 + Level 0.4 Fighting
 - Level 2.0 Throwing
 - Level 3.6 Stealth
 - Level 1.1 Spellcasting
 - Level 3.0 Ice Magic
 - Level 1.1 Invocations


You had one spell level left.
You knew the following spells:

 Your Spells              Type           Power      Damage    Failure   Level
a - Freeze                Ice            24%        1d5       12%         1

Your spell library contained the following spells:

 Spells                   Type           Power      Damage    Failure   Level
 Ozocubu's Armour         Ice            6%         N/A       36%         3


Dungeon Overview and Level Annotations

Branches:
Dungeon (1/15)

Altars:


Innate Abilities, Weirdness & Mutations

You cannot be hasted, slowed, berserked, paralysed or teleported.
You can dig through walls and to a lower floor.
You have a pair of large antennae on your head. (SInv)
Your four strong arms can wield two-handed weapons with a shield.


Message History

You sense a monster nearby.
You sense a monster nearby.
You now have 7 gold pieces.
Found a robe.
Found a stone staircase leading down.
A jackal comes into view. 2 jackals come into view.
The jackal barks! x3
The jackal barely misses you. x2
You see here 14 gold pieces.
You hit the jackal.
The jackal is lightly wounded.
The jackal closely misses you. The jackal barely misses you.
The jackal closely misses you. The jackal bites you.
You barely miss the jackal.
The jackal is lightly wounded.
The jackal barely misses you. The jackal closely misses you.
You closely miss the jackal.
The jackal is lightly wounded.
The jackal closely misses you. The jackal bites you.
Casting: Freeze (safe; 12% risk of failure)
Confirm with . or Enter, or press ? or * to list all spells.
Aiming: Freeze (safe; 12% risk of failure)
Press: ? - help, Shift-Dir - straight line, f - jackal
Aim: a jackal You freeze the jackal.
The jackal is heavily wounded.
The jackal barely misses you. The jackal closely misses you.
Casting: Freeze (safe; 12% risk of failure)
Confirm with . or Enter, or press ? or * to list all spells.
Aiming: Freeze (safe; 12% risk of failure)
Press: ? - help, Shift-Dir - straight line, f/p - jackal
Aim: a jackal (heavily wounded)
You freeze the jackal.
You kill the jackal!
The jackal bites you.
You miss the jackal. The jackal bites you.
* * * LOW HITPOINT WARNING * * *
You closely miss the jackal. The jackal bites you.
You die...

.. #.# ..>. ... #.######
#..#....$.# #..
......(.#..{....
#..###++#########h#######.
#.8.......≈≈##..@.......#
#.≈≈≈≈≈≈..≈≈#.##.#####.#[
#≈≈≈...≈≈..≈#.#..........
#≈≈..≈..≈≈.≈#.#..#####.##
#≈..≈≈≈.≈≈.≈#.#........#
#≈.≈≈.<.≈≈.≈#.##.#######
#≈.≈≈.≈≈≈..≈#.##.#
#≈.≈≈..≈..≈≈#.##.#
#≈..≈≈...≈≈≈#.##.##


You could see a jackal.

Vanquished Creatures
  A jackal (D:1)
1 creature vanquished.

Notes
Turn   | Place    | Note
-------+----------+-------------------------------------------
     0 | D:1      | jjjjhere the Formicid Wanderer began the quest for the Orb.
     0 | D:1      | jjjjhere set off with the following items: a +0 dagger, an
                  | atropa-tipped dart, a datura-tipped dart, 11 poisoned
                  | darts, a +0 dagger, a +0 leather armour; and the following
                  | spell memorised: Freeze; and the following spells available
                  | to memorise: Ozocubu's Armour
     0 | D:1      | Reached XP level 1. HP: 13/13 MP: 2/2
    31 | D:1      | HP: 3/14 [jackal (2)]
    32 | D:1      | Slain by a jackal

Illustrated notes

Levels and vault maps discovered:
D:1:      psy_arrival_whirlpool, layout_basic, minmay_bisected

Action                   || total
-------------------------++-------
Melee: Dagger            ||     5
 Cast: Freeze            ||     2
Dodge: Dodged            ||    10
